cohdb
Replays
Latest Replays
All Replays
Popular Replays
Top Player Replays
Match Explorer
How It Works
Community
CoH3 Stats
Reddit
Sign in to upload your games and track your stats! →
Sign in with Steam
Match 45177359
Unlisted
Match 45177359
Overview
Messages
Build Orders
End
250 Light Carrier
Selects Italian Infantry
Panzergrenadier Squad
Construct Light Support Kompanie
MG34 Team
MG34 Team
Fire Support Elements
2.5-tonne Medical Truck
Selects Guastatori Squad
Panzerjäger Mechanized Group
Combat Half-tracks
Pak 38 Anti-tank Gun Team
Construct Panzerarmee Kommand
Guastatori Squad
Panzer III L Medium Tank
Selects Sound the Alarm
Selects Territory Booby Traps
Flak 36 Anti-tank Gun Team
Armored Reserves
Vehicle Survival Package
Panzer IV Assault Group
Advanced Optics
Tungsten Core Ammunition
Guastatori Squad
Selects Obice 305mm Barrage
Obice 305mm Barrage
Selects Registered Artillery
Selects Towed Cannone da 105/28 Field Howitzer
Tiger Heavy Tank
Obice 305mm Barrage
Chaton d'Amour
Ferryman
Caliph Al Nasser
Chris P. Bacon
SandiPon
GabbaGandalf
Lordsvett
Soil
0
0
Comments
sign in to comment!
No comments posted yet!